cohdb
Replays
Latest Replays
All Replays
Popular Replays
Top Player Replays
Match Explorer
How It Works
Community
CoH3 Stats
Reddit
Sign in to upload your games and track your stats! →
Sign in with Steam
Breakthrough vs Armored
Match 31148274
Overview
Messages
Build Orders
End
Selects Armored Battlegroup
Selects Assault Engineers
Assault Engineer Squad
Assault Engineer Squad
Assault Engineer Squad
Construct Weapon Support Center
Assault Engineer Squad
M1919 Machine Gun Team
Construct Medical Station
Bazooka Squad
Selects Fast Deploy
Bazooka Squad
Infantry Support Center
Selects M8 Scott SPG
M8 Scott SPG
M8 Scott SPG
Advanced Logistics
Mortar Pit
M8 Scott SPG
Mortar Pit
.30 cal Machine Gun
M8 Scott SPG
M1919 Machine Gun Team
Selects M4A3E8 Sherman Combat Group
M4A3E8 Sherman Combat Group
M4A3E8 Sherman Combat Group
M4A3E8 Sherman Combat Group
M4A3E8 Sherman Combat Group
M4A3E8 Sherman Combat Group
赵天天001
FLOKL
0
0
Comments
sign in to comment!
No comments posted yet!